Map: Neon Violet Square LE

Players

ICEMAN - Winner!

  • Race: Terran Terran
  • League: Gold
  • Spawn Location: 5:00

Infamous

  • Race: Protoss Protoss
  • League: Gold
  • Spawn Location: 11:00

VOD

Have the link to the VOD?

Description

Time

  • Played on: April 23, 2018, 3:56 p.m.
  • Length: 9:24
Show
View Real Time Build Order
Export as new Build Order

ICEMAN Terran - Winner!

Build Orders:  

Get SALT Encoding   

  12  0:02  SCV  
  14  0:14  SCV  
  14  0:22  Supply Depot  
  14  0:27  SCV  
  15  0:32  Refinery  
  15  0:46  Barracks  
  15  0:48  SCV  
  16  1:00  SCV  
  17  1:12  SCV, Refinery  
  18  1:24  SCV  
  19  1:33  Supply Depot  
  19  1:42  Barracks Reactor  
  19  1:48  SCV  
  20  2:00  SCV  
  21  2:02  Factory  
  21  2:12  SCV  
  22  2:19  Marine  
  22  2:20  Marine  
  24  2:32  Engineering Bay  
  24  2:42  Supply Depot  
  24  2:48  SCV  
  24  2:51  Factory Tech Lab  
  25  2:57  Marine, Starport  
  25  2:58  Marine  
  27  3:00  SCV, Terran Infantry Weapons Level 1  
  28  3:09  Missile Turret  
  28  3:13  Siege Tank  
  31  3:29  Orbital Command  
  31  3:35  Medivac  
  33  3:52  Missile Turret  
  33  3:54  Siege Tank  
  36  4:07  Supply Depot  
  36  4:19  Starport Reactor  
  36  4:22  Marine  
  36  4:23  Marine  
  38  4:30  Supply Depot  
  38  4:40  Marine x2  
  40  4:58  Marine x2  
  42  5:16  Marine x2  
  40  5:27  Medivac x2  
  44  5:30  Siege Tank  
  44  5:34  Marine x2  
  49  5:42  Supply Depot  
  49  5:50  Terran Infantry Armor Level 1  
  49  5:51  Barracks, Marine  
  49  5:52  Marine  
  51  6:02  Siege Tank  
  54  6:09  Marine x2  
  56  6:27  Marine x2  
  58  6:34  Siege Tank  
  61  6:42  Supply Depot  
  61  6:45  Marine x2  
  63  7:03  Marine x2  
  63  7:07  Siege Tank  
  63  7:21  Marine x2  
  56  8:06  Medivac x2  
  56  8:08  Marine x2  
  62  8:26  Marine x2  
  63  8:31  Barracks Tech Lab  
  62  8:41  Cyclone  
  62  8:44  Marine x2  
  67  9:02  Marine x2  
Show
View Real Time Build Order
Export as new Build Order

Infamous Protoss 

Build Orders: 1 Gate Expand 

Get SALT Encoding   

  12  0:01  Probe  
  13  0:14  Pylon  
  13  0:18  Probe  
  14  0:31  Probe  
  14  0:32  Gateway  
  15  0:40  Probe  
  15  0:49  Probe  
  16  0:56  Assimilator  
  17  0:58  Probe  
  18  1:06  Probe  
  19  1:20  Probe  
  20  1:26  Nexus  
  20  1:41  Probe  
  20  1:46  Cybernetics Core  
  21  1:53  Probe  
  22  1:59  Assimilator  
  22  2:08  Pylon  
  22  2:12  Pylon  
  22  2:20  Probe  
  23  2:23  Gateway  
  23  2:26  Zealot  
  25  3:16  Stalker x2  
  25  3:20  Warp Gate  
  25  3:23  Probe x2  
  31  3:35  Probe  
  31  3:38  Probe  
  33  3:47  Probe, Sentry x2  
  34  3:49  Shield Battery  
  34  3:51  Shield Battery  
  38  4:04  Probe x2  
  40  4:14  Robotics Facility  
  40  4:16  Probe x2  
  42  4:20  Sentry  
  42  4:28  Probe x2  
  42  4:30  Zealot  
  48  4:49  Twilight Council  
  48  4:51  Assimilator  
  48  4:55  Assimilator  
  48  4:58  Shield Battery  
  37  5:24  Immortal  
  37  5:27  Probe x2  
  43  5:33  Gateway  
  43  5:35  Gateway  
  43  5:37  Gateway  
  43  5:44  Pylon  
  43  5:46  Stalker  
  43  5:47  Pylon  
  45  6:04  Nexus  
  45  6:06  Pylon  
  45  6:18  Observer  
  46  6:33  Probe  
  46  6:34  Probe  
  48  6:40  Stalker  
  48  6:41  Stalker  
  48  6:45  Probe  
  53  6:51  Sentry  
  53  6:52  Stalker  
  53  6:53  Zealot  
  59  6:58  Probe x2  
  48  7:14  Stalker  
  47  7:15  Zealot  
  29  7:34  Stalker  
  27  7:42  Probe  
  27  7:43  Probe  
  23  7:56  Zealot  
  25  7:59  Sentry  
  27  8:10  Sentry  
  29  8:22  Stalker  
  29  8:23  Stalker  
  33  8:34  Probe x2  
  33  8:39  Zealot  
  31  8:59  Stalker x2  
  33  9:12  Stalker  
Tags
 
Add a new tag
Caveats
  • Supply blocks, unpowered buildings, or Contaminate may cause inaccurate times.
  • Supply counts are checked every 10 seconds.